 Dungeon Crawl Stone Soup version 0.29.1-15-g9cfb28693d (webtiles) character file.

Game seed: 17264057934909032288

46 Gustavia the Chopper (level 3, -5/33 HPs)
             Began as a Hill Orc Monk on Mar 31, 2023.
             Slain by a scorpion (6 damage)
             ... on level 2 of the Dungeon.
             The game lasted 00:03:27 (1974 turns).

Gustavia the Chopper (Hill Orc Monk)                Turns: 1974, Time: 00:03:27

Health: -5/33      AC:  5    Str: 15    XL:     3   Next: 66%
Magic:  3/3        EV: 11    Int: 10    God:
Gold:   1136       SH:  0    Dex: 13    Spells: 2/2 levels left

rFire   . . .      SeeInvis .   a - +0 hand axe
rCold   . . .      Faith    +   (no shield)
rNeg    . . .      Spirit   .   f - +0 ring mail
rPois   .          Reflect  .   (no helmet)
rElec   .          Harm     .   (no cloak)
rCorr   .          Rampage  .   (no gloves)
Will    .....                   (no boots)
Stlth   +.........              g - amulet of faith
HPRegen 0.11/turn               (no ring)
MPRegen 0.08/turn               (no ring)

@: lethally poisoned (-5 -> -14)
A: no striking features
a: no special abilities


You were on level 2 of the Dungeon.
You visited 1 branch of the dungeon, and saw 2 of its levels.

You collected 1136 gold pieces.

Inventory:

Hand Weapons
 a - a +0 hand axe (weapon)
Armour
 b - a +0 robe
 f - a +0 ring mail (worn)
Jewellery
 g - an amulet of faith (around neck)
Potions
 d - 2 potions of curing {unknown}
 e - a potion of invisibility {unknown}


   Skills:
 + Level 4.2 Fighting
 + Level 4.8 Axes
 + Level 2.7 Dodging
 + Level 1.9 Stealth


You had 2 spell levels left.
You didn't know any spells.
Your spell library was empty.

Dungeon Overview and Level Annotations

Branches:
Dungeon (2/15)

Altars:


Message History

The scorpion stings you but does no damage.
You feel sick. The scorpion misses you. The scorpion closely misses you.
You feel sick.
You closely miss the scorpion.
The scorpion is lightly wounded.
You feel sick. The scorpion stings you.
A bat comes into view.
You feel sick.
You are no longer poisoned.
The scorpion stings you.
You are poisoned.
The scorpion poisons you!
You feel less invigorated.
You feel less confused.
You feel very sick.
The scorpion stings you but does no damage.
You barely miss the scorpion.
The scorpion is lightly wounded.
You hit the bat.
You feel sick. The bat hits you but does no damage. The bat hits you.
The scorpion completely misses you. The scorpion stings you.
You are lethally poisoned!
The scorpion poisons you!
You hit the scorpion.
The scorpion is lightly wounded.
* * * LOW HITPOINT WARNING * * *
You feel very sick. The bat hits you but does no damage.
The scorpion closely misses you.
You hit the scorpion but do no damage.
The scorpion is lightly wounded.
You hit the bat.
* * * LOW HITPOINT WARNING * * *
You feel very sick. The bat barely misses you. The scorpion stings you.
* * * LOW HITPOINT WARNING * * *
You hit the scorpion.
The scorpion is moderately wounded.
* * * LOW HITPOINT WARNING * * *
You feel very sick. The bat hits you but does no damage.
The scorpion stings you.
You die...

#..........#.....
#).........#...$
##$............
..........#.#
............
..........#
.........<##
........s..# ##.
...[.....@.###.!..
#.......b......#..
........##........
..####...#........
# #...#.......#
.#..........#
..#.....###...
...#.....# ...
..... ..


You could see a scorpion and a bat.

Vanquished Creatures
  An adder (D:2)
  4 dart slugs (D:1)
  2 endoplasms (D:1)
  2 goblins (D:1)
  3 hobgoblins (D:1)
  3 jackals (D:1)
  A quokka (D:1)
  3 ball pythons (D:1)
  3 bats (D:1)
  A frilled lizard (D:1)
  2 kobolds (D:1)
  4 rats (D:1)
29 creatures vanquished.

Notes
Turn   | Place    | Note
-------+----------+-------------------------------------------
     0 | D:1      | Gustavia the Hill Orc Monk began the quest for the Orb.
     0 | D:1      | Reached XP level 1. HP: 19/19 MP: 1/1
   672 | D:1      | Reached XP level 2. HP: 25/27 MP: 2/2
  1502 | D:1      | Identified a scroll of acquirement
  1502 | D:1      | Acquired 1115 gold pieces
  1552 | D:1      | Reached XP level 3. HP: 26/33 MP: 3/3
  1894 | D:2      | Noticed a scorpion
  1974 | D:2      | HP: 1/33 [poisoned by a scorpion]
  1974 | D:2      | Slain by a scorpion

Illustrated notes

Levels and vault maps discovered:
D:1:      lemuel_arrival_hallway, layout_loops_corners, minmay_pentomino_u4
D:2:      layout_rooms

Skill      XL: |  1  2 |
---------------+-------+-----
Fighting       | 4 |  4.2
Axes           | |  4.8
Dodging        | |  2.7
Stealth        | |  1.9

Action                   || total
-------------------------++-------
Melee: Hand axe          ||   149
  Use: Scroll            ||     2
       Potion            ||     1
 Stab: Sleeping          ||     3
Armor: Robe              ||    31
       Ring mail         ||    17
Dodge: Dodged            ||   111
